Description

Great TvP build by IndyStarcraft's

Build Order

Get SALT Encoding   

  13  00:01  SCV  
  14  00:17  Supply Depot  
  14  00:19  SCV  
  15  00:40  Barracks  
  16  00:42  Refinery  
  19  01:27  Orbital Command  
  19  01:29  Reaper  
  20  01:39  Command Center  
  20  01:42  Supply Depot  
  21  01:55  Marine  
  23  02:10  Factory  
  23  02:15  Refinery  
  23  02:18  Barracks Reactor  
  24  2:25  Barracks  
  26  2:55  Factory Tech Lab  
  26  2:57  Orbital Command  
  27  3:05  Marine  
  30  3:15  Siege Tank  
  33  3:25  Widow Mine  
  33  3:26  Barracks Tech Lab  
  39  3:45  Engineering Bay x2  
  39  3:50  Supply Depot  
  50  4:20  Barracks  +1 attack
  50  4:25  Marauder  
  52  4:35  Missile Turret  
  58  4:30  Starport  move to factor's reactor
  58  4:35  Refinery  
  60  4:38  Factory Reactor  
  66  5:10  Combat Shield  
Spawning Tool Build Advisor. Get it on Overwolf

Go to:

Details

  • Created by: matwit97
  • Published on: Feb 09, 2019
  • Modified on: Feb 09, 2019
  • Patch: 4.7.1
  • Difficulty: Easy
Show
View Real Time Build Order
Export as new Build Order

Comments (3)

On Feb. 17, 2019, 1:48 p.m., IPontoon  said:

https://www.youtube.com/watch?v=uC-lnT_JXfk VOD here

On Feb. 16, 2019, 6:41 a.m., ALLSEE  said:

3:15 Siege tank and 3:25 widow mine? What is it like? replay or VOD pls.

On Feb. 10, 2019, 7:34 a.m., Tune-Trigger  said:

Doesn't make sense. There must be some mistakes.
Siege Tank and Widow Mine almost at the same time...
2Eng Bays but +1attack only...

Do you have a VOD to watch?

Create an account to comment!